 Dungeon Crawl Stone Soup version 0.17-a0-1634-g6672d08 (webtiles) character file.

119 Oddball22 the Grasshopper (level 4, -1/38 HPs)
             Began as a Draconian Warper on Aug 4, 2015.
             Slain by Natasha (9 damage)
             ... on level 2 of the Dungeon.
             The game lasted 00:06:41 (2611 turns).

Oddball22 the Grasshopper (Draconian Warper)        Turns: 2611, Time: 00:06:42

Health: -1/38      AC:  6    Str: 12 (13) XL:     4   Next: 74%
Magic:  7/7        EV: 12    Int: 13      God:
Gold:   81         SH:  0    Dex: 12      Spells: 3 memorised, 2 levels left

rFire  . . .     SeeInvis .       - Unarmed
rCold  . . .     Clarity  .     (armour unavailable)
rNeg   . . .     SustAt   .     (no shield)
rPois  .         Gourm    .     (helmet restricted)
rElec  .         Spirit   .     e - +0 cloak
rCorr  .         Warding  .     (no gloves)
rMut   .         Stasis   .     (no boots)
MR     +....                    (no amulet)
Stlth  +.........               (no ring)
                                h - ring of protection from magic

@: somewhat resistant to hostile enchantments, very unstealthy
A: unfitting armour, cold-blooded, AC +5
a: no special abilities


You were on level 2 of the Dungeon.
You were not hungry.

You visited 1 branch of the dungeon, and saw 2 of its levels.

You collected 81 gold pieces.

Inventory:

Missiles
 c - 5 tomahawks of dispersal (quivered)
Armour
 e - a +0 cloak (worn)
Jewellery
 h - a ring of protection from magic (left hand)
Scrolls
 b - 2 scrolls of blinking
 f - 2 scrolls of identify {unknown}
 k - a scroll of amnesia {unknown}
 l - 3 scrolls of magic mapping {unknown}
Potions
 m - 2 potions of heal wounds {unknown}
 n - a potion of ambrosia {unknown}
Books
 a - a book of Spatial Translocations

   Spells                             Type                      Level
   a - Apportation                    Translocation                1
   b - Blink                          Translocation                2
   c - Shroud of Golubria             Charms/Translocation         2
   d - Portal Projectile              Translocation                3
   e - Teleport Other                 Translocation                3
   f - Passage of Golubria            Translocation                4
Comestibles
 d - 3 bread rations
 g - 6 fruits
 i - 4 chunks of flesh
 j - a royal jelly


   Skills:
 + Level 3.4 Fighting
 - Level 0.8 Throwing
 - Level 2.1 Dodging
 * Level 3.4 Unarmed Combat
 - Level 2.0 Spellcasting
 + Level 1.0 Charms
 + Level 3.7 Translocations


You had 2 spell levels left.
You knew the following spells:

 Your Spells              Type           Power        Failure   Level  Hunger
a - Apportation           Tloc           ##........   8%          1    ##.....
b - Blink                 Tloc           N/A          10%         2    ###....
c - Shroud of Golubria    Chrm/Tloc      #.........   17%         2    ###....


Dungeon Overview and Level Annotations

Branches:
Dungeon (2/15)

Altars:

Annotations:
D:2 Ijyb, Natasha


Innate Abilities, Weirdness & Mutations

Your plain brown scales are hard (AC +5).
Your body does not fit into most forms of armour.
You are cold-blooded and may be slowed by cold attacks.


Message History

You barely miss Natasha. You tail-slap Natasha.
Natasha is severely wounded.
The shadow imp puffs mist at you. Natasha claws you but does no damage.
You closely miss Natasha.
Natasha is severely wounded.
Natasha mumbles some strange words.
You hit Natasha but do no damage.
Natasha is severely wounded.
Natasha claws you.
* * * LOW HITPOINT WARNING * * *
You hit Natasha.
Natasha is almost dead.
You closely miss Natasha.
Natasha is almost dead.
Natasha barely misses you.
You closely miss Natasha.
Natasha is almost dead.
Natasha claws you!
You die...

#.# #. #.# #.
##.###############.
#..................
##.#.##############
#..#.# ##.#.# #.#.#
#@#.# #h#.# #5#.#
.5..# ###


You could see an iron imp, Natasha and a shadow imp.

Vanquished Creatures
  2 adders (D:2)
  4 gnolls
  An ooze (D:2)
  A worm (D:2)
  A ball python (D:1)
  5 bats
  6 hobgoblins
  6 kobolds (D:1)
  2 quokkas (D:2)
  A giant cockroach (D:1)
  2 giant newts (D:1)
  6 goblins
  12 jackals
  2 rats (D:1)
51 creatures vanquished.

Notes
Turn   | Place    | Note
--------------------------------------------------------------
     0 | D:1      | Oddball22 the Draconian Warper began the quest for the Orb.
     0 | D:1      | Reached XP level 1. HP: 17/17 MP: 3/3
    89 | D:1      | Reached XP level 2. HP: 22/25 MP: 5/5
   633 | D:1      | Reached XP level 3. HP: 18/30 MP: 6/6
  1565 | D:1      | Learned a level 2 spell: Blink
  1568 | D:1      | Learned a level 2 spell: Shroud of Golubria
  1692 | D:2      | Reached XP level 4. HP: 9/38 MP: 4/7
  2158 | D:2      | Reached skill level 1 in Charms
  2384 | D:2      | Noticed Ijyb
  2591 | D:2      | Noticed Natasha
  2611 | D:2      | Slain by Natasha

Vault maps used:
D:1:      sevenhm_arrival_forest_fort_large_4, minmay_misc_feat_tiny
D:2:      kennysheep_goblin_castle, uniq_natasha, uniq_iyjb

Action                   |  1- 3 |  4- 6 || total
-------------------------+-------+-------++-------
Melee: Unarmed           |   181 |   101 ||   282
  Use: Potion            |     1 |       ||     1
 Stab: Sleeping          |     1 |       ||     1
  Eat: Chunk             |     2 |     4 ||     6
